 Dungeon Crawl Stone Soup version 0.27.0-1-g7a089689b8 (webtiles) character file.

Game seed: 18155468323111526997

817 dtburroughs the Skirmisher (level 7, -3/45 HPs)
             Began as a Gargoyle Berserker on Aug 4, 2021.
             Was a Believer of Trog.
             Slain by Duvessa (7 damage)
             ... on level 4 of the Dungeon.
             The game lasted 00:07:12 (4725 turns).

dtburroughs the Skirmisher (Gargoyle Berserker)     Turns: 4725, Time: 00:07:13

Health: -3/45      AC: 15    Str: 21    XL:     7   Next: 94%
Magic:  7/7        EV: 12    Int:  8    God:    Trog [**....]
Gold:   169        SH:  0    Dex: 10    Spells: 6/6 levels left

rFire    . . .     SeeInvis .   a - +0 mace
rCold    . . .     Faith    .   (no shield)
rNeg     + . .     Spirit   .   c - +0 ring mail
rPois    ∞         Reflect  .   (no helmet)
rElec    +         Harm     .   s - +1 cloak {Stlth+}
rCorr    .         Rampage  .   d - +0 pair of gloves
Will     .....                  m - +0 pair of boots
Stlth    +.........             (no amulet)
HPRegen  0.15/turn              (no ring)
MPRegen  0.10/turn              (no ring)

@: on berserk cooldown, slowed, very slow
A: sickness immunity, AC +4, negative energy resistance 1, electricity
resistance, torment resistance 1, petrification resistance
a: Renounce Religion, Berserk, Trog's Hand


You were on level 4 of the Dungeon.
You worshipped Trog.
Trog was pleased with you.
You visited 1 branch of the dungeon, and saw 5 of its levels.

You collected 169 gold pieces.

Inventory:

Hand Weapons
 a - a +0 mace (weapon)
Armour
 c - a +0 ring mail (worn)
 d - a +0 pair of gloves (worn)
 m - a +0 pair of boots (worn)
 s - a +1 cloak of stealth (worn)
Jewellery
 b - an amulet of magic regeneration
Wands
 k - a wand of polymorph (7)
Scrolls
 e - a scroll of blinking {unknown}
 h - a scroll of teleportation
 i - a scroll of immolation
 o - a scroll of fog {unknown}
 r - a scroll of enchant armour {unknown}
Potions
 f - a potion of berserk rage {unknown}
 j - a potion of brilliance {unknown}
 l - a potion of flight {unknown}
 n - 3 potions of attraction
 p - a potion of heal wounds {unknown}
 q - a potion of lignification {unknown}


   Skills:
 + Level 5.7 Fighting
 + Level 5.2 Maces & Flails
 + Level 5.1 Armour
 + Level 3.8 Dodging


You had 6 spell levels left.
You didn't know any spells.
Your spell library was empty.

Dungeon Overview and Level Annotations

Branches:
Dungeon (5/15)
 Temple: D:4-7

Altars:

Annotations:
D:4 Duvessa


Innate Abilities, Weirdness & Mutations

You are immune to sickness and miasma.
Your stone body is resilient. (AC +4)
You are immune to poison.
You resist negative energy. (rN+)
You are resistant to electric shocks. (rElec)
You are resistant to unholy torment.
You are immune to petrification.


Message History

The adder closely misses you.
You sock the adder!
You kill the adder!
Trog accepts your kill.
You now have 169 gold pieces (gained 9).
Found 31 arrows.
Duvessa, Sister of Dowan comes into view.
She is wielding a +2 short sword of distortion.
Duvessa goes berserk!
Found a stone staircase leading up.
Your skin crawls.
You feel strong-willed.
A red film seems to cover your vision as you go berserk!
You feel yourself moving faster!
You feel mighty!
Duvessa hits you with a +2 short sword of distortion.
Space bends around you.
You sock Duvessa!
Duvessa is moderately wounded.
Duvessa hits you with a +2 short sword of distortion.
You blink.
You feel a strong urge to attack something.
You feel your anger nearly subside.
You are no longer berserk.
You are exhausted.
You feel yourself slow down. Duvessa barely misses you.
You hit Duvessa.
Duvessa is moderately wounded.
You feel the effects of Trog's Hand fading.
Duvessa hits you but does no damage. Space warps horribly around you!!
Duvessa hits you with a +2 short sword of distortion.
You blink.
Duvessa hits you but does no damage. x2; Space warps horribly around you!
* * * LOW HITPOINT WARNING * * *
You hit Duvessa.
Duvessa is heavily wounded.
Your skin stops crawling.
You feel less strong-willed. Duvessa barely misses you.
Duvessa hits you with a +2 short sword of distortion!
* * * LOW HITPOINT WARNING * * *
Space bends around you!
You die...

.####..........## ..
..##...[........##..#
....................#
....................###..
###.#.............<.#...
.......###.....##.#.#...##
.......##.....##.##....##.#######
##.##...>.......##..#.(###.......
#.#............@..##..##......##
#..###...#..###.e.)...#.#..####
#### #......# #........##...####
#..###.###.......###......# #.#.
#.##...#........####..
...#.###...###........## . ....
## #.### #.........# .###. ##
#..#..###..# .. #..#..# #....


You could see Duvessa (berserk).

Vanquished Creatures
  Grinder (D:3)
  A black bear (D:3)
  An ice beast (D:5)
  An ogre (D:5)
  A centaur (D:5)
  Dowan (D:4)
  A water moccasin skeleton (D:3)
  Crazy Yiuf (D:3)
  Jessica (D:3)
  6 adders
  A worm (D:2)
  A dart slug (D:2)
  5 orcs
  An endoplasm (D:1)
  4 giant cockroaches (D:1)
  2 goblins
  10 hobgoblins
  7 jackals
  6 kobolds
  5 quokkas
  A ball python (D:1)
  4 bats
  A frilled lizard (D:3)
  5 rats
68 creatures vanquished.

Vanquished Creatures (others)
  2 fungi (D:1)
2 creatures vanquished.

Grand Total: 70 creatures vanquished

Notes
Turn   | Place    | Note
-------+----------+-------------------------------------------
     0 | D:1      | dtburroughs the Gargoyle Berserker began the quest for the
                  | Orb.
     0 | D:1      | Reached XP level 1. HP: 14/14 MP: 1/1
   456 | D:1      | Reached XP level 2. HP: 19/19 MP: 2/2
   944 | D:1      | Reached XP level 3. HP: 21/23 MP: 3/3
  1857 | D:2      | Reached ** piety under Trog
  2194 | D:3      | Noticed Jessica
  2206 | D:3      | Killed Jessica
  2207 | D:3      | Reached XP level 4. HP: 29/29 MP: 4/4
  2500 | D:3      | Reached XP level 5. HP: 19/33 MP: 5/5
  2627 | D:3      | Noticed Grinder
  2656 | D:3      | Killed Grinder
  2657 | D:3      | Reached XP level 6. HP: 40/40 MP: 6/6
  2862 | D:3      | Noticed a black bear
  2992 | D:3      | Killed a black bear
  2993 | D:3      | Reached skill level 5 in Fighting
  2993 | D:3      | Reached XP level 7. HP: 37/44 MP: 7/7
  3139 | D:3      | You fall into a shaft and drop 2 floors!
  3139 | D:5      | Entered Level 5 of the Dungeon
  3199 | D:5      | Reached skill level 5 in Maces & Flails
  3568 | D:4      | Noticed Dowan
  3595 | D:4      | Reached skill level 5 in Armour
  3609 | D:4      | Killed Dowan
  4021 | D:3      | Found a runed translucent door.
  4022 | D:3      | Noticed Crazy Yiuf
  4220 | D:3      | Killed Crazy Yiuf
  4709 | D:4      | Noticed Duvessa
  4725 | D:4      | Slain by Duvessa

Illustrated notes

Levels and vault maps discovered:
D:1:      dpeg_arrival_prison, layout_basic
D:2:      layout_basic
D:3:      layout_basic, uniq_grinder, uniq_jessica, uniq_crazy_yiuf_cottage
D:4:      layout_layer_cave, uniq_duvessa
D:5:      layout_rooms, minmay_temple_entry_waves

Skill      XL: |  1  2  3  4  5  6  7 |
---------------+----------------------+-----
Dodging        | 2 3 |  3.8
Armour         | 3 4 5 |  5.1
Fighting       | 4 5 |  5.7
Maces & Flails | 4 5 |  5.2

Action                   |  1- 3 |  4- 6 |  7- 9 || total
-------------------------+-------+-------+-------++-------
Melee: Mace              |   142 |    93 |    74 ||   309
Invok: Berserk           |     1 |     1 |     4 ||     6
       Trog's Hand       |       |     2 |     2 ||     4
  Use: Scroll            |       |       |     4 ||     4
Armor: Animal skin       |    20 |       |       ||    20
       Ring mail         |    50 |    59 |    47 ||   156
Dodge: Dodged            |   114 |    69 |    45 ||   228
